 Dungeon Crawl Stone Soup version 0.20-a0-270-g8e735b6 (webtiles) character file.

203 snakesoul the Chiller (level 5, -10/28 HPs)
             Began as a Deep Elf Ice Elementalist on Dec 9, 2016.
             Mangled by an ogre
             ... wielding a +0 giant club
              (26 damage)
             ... on level 4 of the Dungeon.
             The game lasted 00:11:12 (3894 turns).

snakesoul the Chiller (Deep Elf Ice Elementalist)   Turns: 3894, Time: 00:11:13

Health: -10/28     AC:  2    Str:  5    XL:     5   Next: 51%
Magic:  7/14       EV: 13    Int: 21    God:
Gold:   168        SH:  0    Dex: 15    Spells: 3/13 levels left

rFire  . . .     SeeInvis .     q - +1 mace (drain)
rCold  . . .     Gourm    .     a - +0 robe
rNeg   . . .     Faith    .     (no shield)
rPois  .         Spirit   .     (no helmet)
rElec  .         Reflect  .     (no cloak)
rCorr  .         Harm     .     (no gloves)
MR     +....                    (no boots)
Stlth  ++........               (no amulet)
                                (no ring)
                                s - ring of protection from magic

@: very slightly contaminated
A: no striking features
a: no special abilities


You were on level 4 of the Dungeon.
You were not hungry.

You visited 1 branch of the dungeon, and saw 4 of its levels.
You also visited: Ossuary.

You collected 168 gold pieces.

Inventory:

Hand Weapons
 h - a +0 dagger
 q - a +1 mace of draining (weapon)
Armour
 a - a +0 robe (worn)
Jewellery
 s - a ring of protection from magic (left hand)
Scrolls
 d - 2 scrolls of enchant armour {unknown}
 e - a scroll of immolation {unknown}
 i - 6 scrolls of identify {unknown}
 j - 4 scrolls of remove curse
 n - a scroll of blinking {unknown}
 r - a scroll of amnesia {unknown}
 u - a scroll of fog {unknown}
Potions
 c - a potion of flight {unknown}
 f - 2 potions of mutation {unknown}
 g - a potion of degeneration {unknown}
 k - 3 potions of curing {unknown}
 l - a potion of agility {unknown}
 o - 2 potions of heal wounds {unknown}
 p - a potion of beneficial mutation {unknown}
Books
 b - a book of Frost

   Spells                             Type                      Level
   a - Freeze                         Ice                          1
   b - Throw Frost                    Conjuration/Ice              2
   c - Ozocubu's Armour               Charms/Ice                   3
   d - Throw Icicle                   Conjuration/Ice              4
   e - Summon Ice Beast               Ice/Summoning                4
 t - a book of Callings

   Spells                             Type                      Level
   a - Summon Small Mammal            Summoning                    1
   b - Call Imp                       Summoning                    2
   c - Call Canine Familiar           Summoning                    3
   d - Summon Guardian Golem          Hexes/Summoning              3
   e - Summon Lightning Spire         Summoning/Air                4
   f - Summon Ice Beast               Ice/Summoning                4
Comestibles
 m - a meat ration
 v - 2 bread rations
 w - 4 fruits


   Skills:
 - Level 2.4 Dodging
 - Level 2.4 Stealth
 + Level 4.8 Spellcasting
 * Level 1.3 Conjurations
 - Level 6.0 Ice Magic


You had 3 spell levels left.
You knew the following spells:

 Your Spells              Type           Power        Failure   Level  Hunger
a - Freeze                Ice            ####         1%          1    None
b - Throw Frost           Conj/Ice       ###...       4%          2    None
c - Ozocubu's Armour      Chrm/Ice       ###.....     12%         3    ##.....
d - Throw Icicle          Conj/Ice       ###.....     28%         4    ####...


Dungeon Overview and Level Annotations

Branches:
Dungeon (4/15)
 Temple: D:4-7

Altars:
Ru


Message History

You are very lightly contaminated with residual magic.
You hear a crackling sound.
Casting: Ozocubu's Armour
Confirm with . or Enter, or press ? or * to list all spells.
Aiming: Freeze
Press: ? - help, Shift-Dir - straight line, f/p - ogre
Aim: an ogre, wielding a giant club You freeze the ogre.
The ogre is lightly wounded.
The ogre hits you with a giant club!
Casting: Freeze
Confirm with . or Enter, or press ? or * to list all spells.
Aiming: Freeze
Press: ? - help, Shift-Dir - straight line, f/p - ogre
Aim: an ogre, wielding a giant club (lightly wounded)
You freeze the ogre.
The ogre is heavily wounded.
The ogre hits you with a giant club!!
Ouch! That really hurt!
You die...

#......>.... ...
#.#......# ###..
.!.....
#.#......#.##...
.......
#........#.##.. .....%
..###>###...#.# ....#
#.....##.# #..# .[..#
#..#.....# #..# ...
#....##..###..###O####
#.#.###.#...#...@....#
#.#.#
#.##.##.#...###.#
#.#.# #.##.##.#..##
#.#.###.##.##.#.##
#..........##.#.#
#...###.#####.#.#
..#..##.# #.##.
......#.# #.# #
##.#....#


You could see an ogre.

Vanquished Creatures
  An orc wizard (D:3)
  A worker ant (D:3)
  5 adders
  A worm (D:3)
  6 dart slugs (D:1)
  2 leopard geckos (D:1)
  8 orcs (D:3)
  A ball python (D:3)
  4 giant cockroaches
  9 goblins
  7 hobgoblins
  6 jackals
  7 kobolds
  3 quokkas
  7 bats
  3 frilled lizards
  8 rats
79 creatures vanquished.

Notes
Turn   | Place    | Note
-------+----------+-------------------------------------------
     0 | D:1      | snakesoul the Deep Elf Ice Elementalist began the quest for the Orb.
     0 | D:1      | Reached XP level 1. HP: 10/10 MP: 6/6
   175 | D:1      | Reached XP level 2. HP: 15/15 MP: 2/8
   393 | D:1      | Reached skill level 4 in Ice Magic
   508 | D:1      | Reached XP level 3. HP: 12/19 MP: 5/10
  1182 | D:2      | Found a sacrificial altar of Ru.
  1793 | D:2      | Reached skill level 5 in Ice Magic
  1793 | D:2      | Reached XP level 4. HP: 24/24 MP: 9/12
  2370 | D:3      | Learned a level 2 spell: Throw Frost
  2374 | D:3      | Learned a level 3 spell: Ozocubu's Armour
  2421 | D:3      | Learned a level 4 spell: Throw Icicle
  2698 | D:3      | Reached XP level 5. HP: 26/28 MP: 6/13
  3287 | D:3      | Reached skill level 6 in Ice Magic
  3546 | D:4      | Found a sand-covered staircase.
  3578 | Ossuary  | Entered an ossuary
  3889 | D:4      | Noticed an ogre
  3894 | D:4      | Mangled by an ogre

Vault maps used:
D:1:      evilmike_arrival_rings, st_stairs_10
D:2:      nicolae_ru_awakened_eye
D:4:      nicolae_ossuary_entry_ruins
Ossuary:  ossuary_minmay_scorpions

Skill      XL: |  1  2  3  4  5 |
---------------+----------------+-----
Ice Magic      | 4 5 6 |  6.0
Spellcasting   | 4 |  4.8
Dodging        | |  2.4
Stealth        | |  2.4
Conjurations   | |  1.3

Action                   |  1- 3 |  4- 6 || total
-------------------------+-------+-------++-------
Melee: Unarmed           |     5 |       ||     5
       Dagger            |     6 |       ||     6
       Mace              |       |    11 ||    11
 Cast: Freeze            |    60 |    72 ||   132
       Throw Frost       |       |    13 ||    13
       Ozocubu's Armour  |       |     2 ||     2
       Throw Icicle      |       |     2 ||     2
  Use: Scroll            |     1 |       ||     1
 Stab: Sleeping          |     1 |       ||     1
  Eat: Bread ration      |     1 |       ||     1
       Chunk             |       |     5 ||     5
Armor: Robe              |     8 |     7 ||    15
Dodge: Dodged            |    39 |    39 ||    78
